BSA
ORLANDO CALRISSIAN @ NEW ORLEANS LOOTERS
08/18/2029
 
TOP OF THE 1ST
Orlando Calrissian batting - Pitching for New Orleans Looters : RHP Chris Martin
Pitching: RHP Chris Martin
Batting: LHB Danny Allen 0-0: DOUBLE (Line Drive, 89S)
Batting: RHB Gabriel Ángel 0-0: Called Strike
0-1: Ball
1-1: Swinging Strike
1-2: Foul Ball, location: 2F
1-2: Ball
2-2: Ball
3-2: Base on Balls
Batting: RHB Rich Anderson 0-0: Ball
1-0: Ball
2-0: Called Strike
2-1: Foul Ball, location: 2F
2-2: Ball
3-2: Foul Ball, location: 2F
3-2: Base on Balls
Danny Allen to third
Gabriel Ángel to second
Batting: SHB Tim Abbott 0-0: Ball
1-0: DOUBLE (Groundball, 5L)
Danny Allen scores
Gabriel Ángel scores
Rich Anderson to third
Batting: RHB Raúl Canó 0-0: Ball
1-0: Called Strike
1-1: DOUBLE (Line Drive, 89D)
Rich Anderson scores
Tim Abbott scores
Batting: LHB Juan Colón 0-0: Called Strike
0-1: Called Strike
0-2: Foul Ball, location: 2F
0-2: Foul Ball, location: 2F
0-2: Ball
1-2: Foul Ball, location: 2F
1-2: Foul Ball, location: 2F
1-2: Ball
2-2: Ball
3-2: Fly out, F8 (Line Drive, 89D)
Runner from 2nd tags up, SAFE at 3rd, no throw
Batting: RHB Júlio Negrón 0-0: Called Strike
0-1: Reached on error, E5 (Groundball, 56)
Raúl Canó scores
Batting: LHB Craig Kenney 0-0: SINGLE (Groundball, 6M) (infield hit)
Júlio Negrón to third
Batting: RHB Robby Lewis 0-0: Ball
1-0: Foul Ball, location: 2F
1-1: Ball
2-1: Ground out U3 (Groundball, 34)
Júlio Negrón scores
Craig Kenney to second
Batting: LHB Danny Allen 0-0: Ball
1-0: Foul Ball, location: 2F
1-1: Swinging Strike
1-2: Ball
2-2: Strikes out swinging
Top of the 1st over - 6 runs, 4 hits, 1 error, 1 left on base; Orlando 6 - New Orleans 0
BOTTOM OF THE 1ST
New Orleans Looters batting - Pitching for Orlando Calrissian : LHP Mark Collins
Pitching: LHP Mark Collins
Batting: LHB Miguel Colón 0-0: Fly out, F8 (Flyball, 8LD)
Batting: RHB John Mendelson 0-0: Called Strike
0-1: Foul Ball, location: 2F
0-2: Strikes out swinging
Batting: LHB Jorge Martínez 0-0: Called Strike
0-1: Ground out 4-3 (Groundball, 4)
Bottom of the 1st over - 0 runs, 0 hits, 0 errors, 0 left on base; Orlando 6 - New Orleans 0
TOP OF THE 2ND
Orlando Calrissian batting - Pitching for New Orleans Looters : RHP Chris Martin
Batting: RHB Gabriel Ángel 0-0: SINGLE (Line Drive, 89S)
Batting: RHB Rich Anderson 0-0: Foul Ball, location: 2F
0-1: Swinging Strike
0-2: Ball
1-2: Ball
2-2: Ball
3-2: Fly out, F7 (Flyball, 7D)
Batting: SHB Tim Abbott 0-0: Fielders Choice at 2nd, 4-6 (Groundball, 34)
Batting: RHB Raúl Canó 0-0: Ball
1-0: Called Strike
1-1: SINGLE (Line Drive, 6D)
Tim Abbott to second
Batting: LHB Juan Colón 0-0: Called Strike
0-1: Ball
1-1: Ball
2-1: Ground out 1-3 (Groundball, 13S)
Top of the 2nd over - 0 runs, 2 hits, 0 errors, 2 left on base; Orlando 6 - New Orleans 0
BOTTOM OF THE 2ND
New Orleans Looters batting - Pitching for Orlando Calrissian : LHP Mark Collins
Batting: RHB Run-ming Zhu 0-0: Ball
1-0: Called Strike
1-1: Ball
2-1: Foul Ball, location: 2F
2-2: Strikes out looking
Batting: LHB Tony Abete 0-0: Ball
1-0: Ball
2-0: Ball
3-0: Base on Balls
Batting: RHB Dave O'Loan 0-0: Called Strike
0-1: Ball
1-1: Foul Ball, location: 2F
1-2: Ball
2-2: Ball
3-2: Ground out 6-3 (Groundball, 6)
Tony Abete to second
Batting: RHB Tim Gardner 0-0: Ball
1-0: Fly out, F9 (Flyball, 9)
Bottom of the 2nd over - 0 runs, 0 hits, 0 errors, 1 left on base; Orlando 6 - New Orleans 0
TOP OF THE 3RD
Orlando Calrissian batting - Pitching for New Orleans Looters : RHP Chris Martin
Batting: RHB Júlio Negrón 0-0: Fly out, F6 (Popup, 6)
Batting: LHB Craig Kenney 0-0: Fly out, F6 (Line Drive, 6)
Batting: RHB Robby Lewis 0-0: Ground out U3 (Groundball, 3)
Top of the 3rd over - 0 runs, 0 hits, 0 errors, 0 left on base; Orlando 6 - New Orleans 0
BOTTOM OF THE 3RD
New Orleans Looters batting - Pitching for Orlando Calrissian : LHP Mark Collins
Batting: LHB Taylor Smith 0-0: Ball
1-0: Called Strike
1-1: Called Strike
1-2: Ball
2-2: Foul Ball, location: 2F
2-2: Strikes out swinging
Batting: LHB Eduardo Rodríguez 0-0: Called Strike
0-1: Ball
1-1: Ball
2-1: Ball
3-1: Swinging Strike
3-2: Foul Ball, location: 2F
3-2: SINGLE (Line Drive, 8RS)
Batting: LHB Miguel Colón 0-0: Swinging Strike
0-1: Ball
1-1: DOUBLE (Flyball, 78D)
Eduardo Rodríguez to third
Batting: RHB John Mendelson 0-0: Ground out 4-3 (Groundball, 4D)
Eduardo Rodríguez scores
Miguel Colón to third
Batting: LHB Jorge Martínez 0-0: Ball
1-0: Foul Ball, location: 2F
1-1: Foul Ball, location: 2F
1-2: Ball
2-2: Foul Ball, location: 2F
2-2: Ball
3-2: Ground out 5-3 (Groundball, 56)
Bottom of the 3rd over - 1 run, 2 hits, 0 errors, 1 left on base; Orlando 6 - New Orleans 1
TOP OF THE 4TH
Orlando Calrissian batting - Pitching for New Orleans Looters : RHP Chris Martin
Batting: LHB Danny Allen 0-0: Ball
1-0: Ball
2-0: Called Strike
2-1: Swinging Strike
2-2: Ball
3-2: Fly out, F7 (Flyball, 7S)
Batting: RHB Gabriel Ángel 0-0: SINGLE (Groundball, 34D)
Batting: RHB Rich Anderson 0-0: Called Strike
0-1: Ball
1-1: Fly out, F8 (Flyball, 8LS)
Batting: SHB Tim Abbott 0-0: Ball
1-0: Called Strike
1-1: Foul Ball, location: 2F
1-2: Ball
2-2: Fly out, F3 (Line Drive, 34)
Top of the 4th over - 0 runs, 1 hit, 0 errors, 1 left on base; Orlando 6 - New Orleans 1
BOTTOM OF THE 4TH
New Orleans Looters batting - Pitching for Orlando Calrissian : LHP Mark Collins
Batting: RHB Run-ming Zhu 0-0: Called Strike
0-1: Foul Ball, location: 2F
0-2: Ball
1-2: Ground out 5-3 (Groundball, 56S)
Batting: LHB Tony Abete 0-0: Foul Ball, location: 2F
0-1: Ball
1-1: Called Strike
1-2: Foul Ball, location: 2F
1-2: Foul Ball, location: 2F
1-2: SOLO HOME RUN (Flyball, 89XD), Distance : 378 ft
Batting: RHB Dave O'Loan 0-0: Called Strike
0-1: SINGLE (Groundball, 6MD)
Batting: RHB Tim Gardner 0-0: Called Strike
0-1: Foul Ball, location: 2F
0-2: Grounds into double play, 4-6-3 (Groundball, 4M)
Bottom of the 4th over - 1 run, 2 hits, 0 errors, 0 left on base; Orlando 6 - New Orleans 2
TOP OF THE 5TH
Orlando Calrissian batting - Pitching for New Orleans Looters : RHP Chris Martin
Batting: RHB Raúl Canó 0-0: Called Strike
0-1: Ball
1-1: Called Strike
1-2: Strikes out swinging
Batting: LHB Juan Colón 0-0: Ball
1-0: Ground out 3-1 (Groundball, 34)
Batting: RHB Júlio Negrón 0-0: Ball
1-0: Ball
2-0: Foul Ball, location: 2F
2-1: Called Strike
2-2: Foul Ball, location: 2F
2-2: Ball
3-2: Strikes out swinging
Top of the 5th over - 0 runs, 0 hits, 0 errors, 0 left on base; Orlando 6 - New Orleans 2
BOTTOM OF THE 5TH
New Orleans Looters batting - Pitching for Orlando Calrissian : LHP Mark Collins
Batting: LHB Taylor Smith 0-0: Ball
1-0: Foul Ball, location: 2F
1-1: Foul Ball, location: 2F
1-2: Ball
2-2: Ball
3-2: Base on Balls
Batting: LHB Eduardo Rodríguez 0-0: Ball
1-0: Ground out 3-1 (Groundball, 34S)
Taylor Smith to second
Batting: LHB Miguel Colón 0-0: SINGLE (Groundball, 4MD)
Taylor Smith to third
Runner from 3rd tries for Home, throw and OUT!
Miguel Colón to second
Batting: RHB John Mendelson 0-0: Ball
1-0: Ball
2-0: Called Strike
2-1: 2-RUN HOME RUN (Flyball, 89XD), Distance : 391 ft
Batting: LHB Jorge Martínez 0-0: Foul Ball, location: 2F
0-1: Ball
1-1: Called Strike
1-2: Strikes out swinging
Bottom of the 5th over - 2 runs, 2 hits, 0 errors, 0 left on base; Orlando 6 - New Orleans 4
TOP OF THE 6TH
Orlando Calrissian batting - Pitching for New Orleans Looters : RHP Chris Martin
Pitching: RHP Anthony O'Connor
Batting: LHB Craig Kenney 0-0: Called Strike
0-1: Foul Ball, location: 2F
0-2: Strikes out swinging
Batting: RHB Robby Lewis 0-0: Called Strike
0-1: Ball
1-1: Ball
2-1: Ball
3-1: Foul Ball, location: 2F
3-2: Base on Balls
Batting: LHB Danny Allen 0-0: Called Strike
0-1: Called Strike
0-2: Strikes out swinging
Batting: RHB Gabriel Ángel 0-0: Ball
1-0: Foul Ball, location: 2F
1-1: Foul Ball, location: 2F
1-2: Foul Ball, location: 2F
1-2: Ball
2-2: Ball
3-2: Ground out 3-1 (Groundball, 3)
Top of the 6th over - 0 runs, 0 hits, 0 errors, 1 left on base; Orlando 6 - New Orleans 4
BOTTOM OF THE 6TH
New Orleans Looters batting - Pitching for Orlando Calrissian : LHP Mark Collins
Batting: RHB Run-ming Zhu 0-0: Ball
1-0: Ball
2-0: Ball
3-0: Called Strike
3-1: Base on Balls
Batting: LHB Tony Abete 0-0: Ball
1-0: Called Strike
1-1: Ball
2-1: Foul Ball, location: 2F
2-2: Fly out, F8 (Flyball, 8LM)
Batting: RHB Dave O'Loan 0-0: Called Strike
0-1: Foul Ball, location: 2F
0-2: Fly out, F9 (Flyball, 9LSF)
Batting: RHB Tim Gardner 0-0: Called Strike
0-1: Hit by Pitch
Run-ming Zhu to second
Batting: LHB Taylor Smith 0-0: Ball
1-0: TRIPLE (Line Drive, 9D)
Run-ming Zhu scores
Tim Gardner scores
Batting: LHB Eduardo Rodríguez 0-0: Reached via error on a dropped throw, E3
Taylor Smith scores
Batting: LHB Miguel Colón 0-0: Called Strike
0-1: Foul Ball, location: 2F
0-2: Ball
Throwing error on steal attempt, E2
Eduardo Rodríguez to third
1-2: Strikes out swinging
Bottom of the 6th over - 3 runs, 1 hit, 2 errors, 1 left on base; Orlando 6 - New Orleans 7
TOP OF THE 7TH
Orlando Calrissian batting - Pitching for New Orleans Looters : RHP Anthony O'Connor
Batting: RHB Rich Anderson 0-0: Ground out 5-3 (Groundball, 56)
Batting: SHB Tim Abbott 0-0: Ball
1-0: Foul Ball, location: 2F
1-1: Foul Ball, location: 2F
1-2: Ball
2-2: Foul Ball, location: 2F
2-2: Ground out 6-3 (Groundball, 6D)
Batting: RHB Raúl Canó 0-0: Ground out 4-3 (Groundball, 4M)
Top of the 7th over - 0 runs, 0 hits, 0 errors, 0 left on base; Orlando 6 - New Orleans 7
BOTTOM OF THE 7TH
New Orleans Looters batting - Pitching for Orlando Calrissian : LHP Mark Collins
Pitching: LHP Richard Dorris
Batting: RHB John Mendelson 0-0: Ball
1-0: Swinging Strike
1-1: Foul Ball, location: 2F
1-2: Ball
2-2: Ball
3-2: Base on Balls
Batting: LHB Jorge Martínez 0-0: Ball
1-0: Ball
2-0: Foul Ball, location: 2F
2-1: Foul Ball, location: 2F
2-2: SINGLE (Flyball, 78S)
John Mendelson to second
Batting: RHB Run-ming Zhu 0-0: Fly out, F8 (Flyball, 8RXD)
Runner from 2nd tags up, SAFE at 3rd, no throw
Batting: LHB Tony Abete 0-0: Fly out, F8 (Line Drive, 8LS)
Runner from 3rd tags up, SCORES, no throw
Batting: RHB Dave O'Loan 0-0: Ball
1-0: Swinging Strike
1-1: Ball
2-1: Fielders Choice at 2nd, 6-4 (Groundball, 56)
Bottom of the 7th over - 1 run, 1 hit, 0 errors, 1 left on base; Orlando 6 - New Orleans 8
TOP OF THE 8TH
Orlando Calrissian batting - Pitching for New Orleans Looters : RHP Anthony O'Connor
Pitching: LHP Tadao Yoshida
Batting: LHB Juan Colón 0-0: Foul Ball, location: 2F
0-1: Ball
1-1: Foul Ball, location: 2F
1-2: Strikes out swinging
Pitching: RHP Ienobu Sato
Batting: RHB Júlio Negrón 0-0: Foul Ball, location: 2F
0-1: Fly out, F8 (Flyball, 89M)
Batting: LHB Craig Kenney 0-0: SINGLE (Line Drive, 7S)
Batting: RHB Robby Lewis 0-0: Ball
1-0: Ball
2-0: Ground out 5-3 (Groundball, 5S)
Top of the 8th over - 0 runs, 1 hit, 0 errors, 1 left on base; Orlando 6 - New Orleans 8
BOTTOM OF THE 8TH
New Orleans Looters batting - Pitching for Orlando Calrissian : LHP Richard Dorris
Batting: RHB Tim Gardner 0-0: Ball
1-0: Foul Ball, location: 2F
1-1: Swinging Strike
1-2: Ball
2-2: Ball
3-2: SINGLE (Flyball, 89M)
Batting: LHB Taylor Smith 0-0: Called Strike
0-1: Ball
1-1: Fielders Choice at 2nd, 1-6 (Groundball, 13S)
Batting: LHB Eduardo Rodríguez 0-0: Ball
1-0: Ball
2-0: Called Strike
2-1: Ball
3-1: Foul Ball, location: 2F
3-2: SINGLE (Groundball, 34S) (infield hit)
Taylor Smith to second
Pinch Hitting: SHB Oliver Deleón 0-0: Grounds into double play, 6-4-3 (Groundball, 6)
Bottom of the 8th over - 0 runs, 2 hits, 0 errors, 1 left on base; Orlando 6 - New Orleans 8
TOP OF THE 9TH
Orlando Calrissian batting - Pitching for New Orleans Looters : RHP Ienobu Sato
Pitching: LHP Juan Méndez
Now in CF: Rubén Vázquez
Batting: LHB Danny Allen 0-0: Called Strike
0-1: Called Strike
0-2: Ball
1-2: Strikes out looking
Batting: RHB Gabriel Ángel 0-0: Called Strike
0-1: Foul Ball, location: 2F
0-2: Ball
1-2: Foul Ball, location: 2F
1-2: Ball
2-2: Strikes out swinging
Batting: RHB Rich Anderson 0-0: Ball
1-0: Called Strike
1-1: Called Strike
1-2: Foul Ball, location: 2F
1-2: Foul Ball, location: 2F
1-2: Ball
2-2: Ground out 5-3 (Groundball, 56)
Top of the 9th over - 0 runs, 0 hits, 0 errors, 0 left on base; Orlando 6 - New Orleans 8
Saturday, December 16th, 2017 - OOTP Baseball 18.8 Build 76